 Dungeon Sprint DCSS version 0.26.1-10-gdfb7c7de75 (webtiles) character file.

Game seed: 8437181399123753251

10062 phalm the Grappler (level 11, -9/68 HPs)
             Began as a Vine Stalker Berserker on Apr 8, 2021.
             Was the Champion of Trog.
             Mangled by an orc warrior
             ... wielding a +0 war axe
              (14 damage)
             ... in the Dungeon (Sprint IX: "|||||||||||||||||||||||||||||").
             The game lasted 00:04:05 (864 turns).

phalm the Grappler (Vine Stalker Berserker)          Turns: 864, Time: 00:04:06

Health: -9/68      AC: 18    Str: 22    XL:     11   Next: 56%
Magic:  0/12       EV: 17    Int:  7    God:    Trog [******]
Gold:   657        SH:  0    Dex: 21    Spells: 10/10 levels left

rFire    . . .     SeeInvis .     - Unarmed
rCold    . . .     Faith    .   (no shield)
rNeg     . . .     Spirit   +   k - +1 chain mail
rPois    .         Reflect  .   j - +0 helmet
rElec    .         Harm     .   (no cloak)
rCorr    .         Rampage  .   t - +0 pair of gloves
Will     +++..     NoTele   +   r - +0 pair of boots
Stlth    ..........             (no amulet)
HPRegen  1.61/turn              m - +3 ring of dexterity
MPRegen  0.13/turn              l - +3 ring of strength

@: berserk cooldown, regenerating, slowed, very slow
A: fangs 3, regeneration 1, magic shield, antimagic bite, no potion heal 3
a: Renounce Religion, Berserk, Trog's Hand, Brothers in Arms


You were in the Dungeon.
You worshipped Trog.
Trog was exalted by your worship.
You visited 1 branch You collected 657 gold pieces.

Inventory:

Armour
 j - a +0 helmet (worn)
 k - a +1 chain mail (worn)
 r - a +0 pair of boots (worn)
 t - a +0 pair of gloves (worn)
Jewellery
 l - a +3 ring of strength (right hand)
 m - a +3 ring of dexterity (left hand)
Wands
 i - a wand of iceblast (10)
Scrolls
 f - 5 scrolls of blinking
 h - 5 scrolls of remove curse
 n - 2 scrolls of identify
 o - a scroll of fear
 p - a scroll of fog
Potions
 a - a potion of ambrosia {unknown}
 b - 5 potions of curing
 c - a potion of haste
 d - 4 potions of magic
 e - a potion of berserk rage
 g - a potion of invisibility
 q - a potion of might


   Skills:
 + Level 13.1 Fighting
 + Level 12.0 Armour
 + Level 12.0 Dodging
 + Level 14.1 Unarmed Combat


You had 10 spell levels left.
You didn't know any spells.
Your spell library was empty.

Dungeon Overview and Level Annotations

Branches:
Dungeon (1/1)

Altars:
Cheibriados
Dithmenos
Elyvilon
Fedhas
Gozag
Hepliaklqana
Kikubaaqudgha
Makhleb
Nemelex Xobeh
Okawaru
Qazlal
Ru
Sif Muna
Trog
Uskayaw
Vehumet
Wu Jian
Xom
Yredelemnul
Zin
The Shining One
Beogh
Jiyva
Lugonu


Innate Abilities, Weirdness & Mutations

You have razor-sharp teeth.
Your natural rate of healing is unusually fast.
When hurt, damage is shared between your health and your magic reserves.
Your bite disrupts and absorbs the magic of your enemies.
Potions cannot restore your health.


Message History

Trog accepts your kill. The orc warrior barely misses you.
You barely miss the orc warrior.
You bite the orc warrior, but do no damage.
An orc warrior comes into view. It is wielding a +0 mace.
The orc warrior closely misses you.
The orc warrior hits you from afar with a +0 halberd!!
The orc warrior shouts!
You hit the orc warrior but do no damage.
Your bite misses the orc warrior.
You hear a shout!
The orc warrior hits you with a +0 war axe!!
The orc warrior misses you.
You hit the orc warrior but do no damage.
You bite the orc warrior! You drain its power.
You feel invigorated.
The orc warrior is moderately wounded.
The orc warrior hits you from afar with a +0 halberd!!
* * * LOW HITPOINT WARNING * * *
The orc warrior hits you with a +0 war axe!
You die...

▓_▓.▓.▓.▓
▓_▓.▓.▓.▓o▓
▓_▓.▓.▓.▓.▓
▓_▓.▓.▓.▓o▓
▓_▓.▓.▓.▓o▓
▓_▓.▓†▓.▓o▓
▓_▓.▓.▓.▓o▓
▓_▓.▓)▓.▓o▓
▓_▓.▓†▓.▓@▓
▓_▓.▓.▓.▓'▓
▓_▓.▓.▓.▓.▓
▓_▓.▓.▓.▓.▓
▓_▓.▓.▓.▓.▓
▓_▓.▓.▓.▓.▓
▓_▓.▓†▓.▓.▓
▓_▓.▓)▓.▓.▓
▓_▓.▓.▓.▓)▓


You could see 4 orc warriors, an orc priest (strong) and an orc wizard (strong).

Vanquished Creatures
  Josephine (D)
  4 hydras (D)
  A skeletal warrior (D)
  An orc knight (D)
  3 cane toads (D)
  A torpor snail (D)
  A komodo dragon (D)
  7 polar bears (D)
  A blink frog (D)
  2 wyverns (D)
  2 shadows (D)
  Eustachio (D)
  3 wraiths (D)
  A yak (D)
  2 water moccasins (D)
  A black bear (D)
  2 orc warriors (D)
  A centaur (D)
  An ogre (D)
  A wolf (D)
  5 bullfrogs (D)
  A killer bee (D)
  2 orc priests (D)
  2 hounds (D)
  3 orc wizards (D)
  An iguana (D)
  A worker ant (D)
  2 adders (D)
  An adder skeleton (D)
  9 orcs (D)
  2 giant cockroaches (D)
  A goblin (D)
  A jackal (D)
  A bat (D)
69 creatures vanquished.

Notes
Turn   | Place    | Note
-------+----------+-------------------------------------------
     0 | D        | phalm the Vine Stalker Berserker began the quest for the
                  | Orb.
     0 | D        | Reached XP level 1. HP: 11/11 MP: 2/2
    11 | D        | Reached ** piety under Trog
    40 | D        | Noticed an iguana
    40 | D        | Noticed a centaur
    40 | D        | Noticed a worker ant
    43 | D        | Killed a worker ant
    44 | D        | Reached skill level 4 in Unarmed Combat
    44 | D        | Reached XP level 2. HP: 12/17 MP: 1/3
    44 | D        | Reached XP level 3. HP: 15/21 MP: 1/4
    48 | D        | Killed a centaur
    48 | D        | Reached *** piety under Trog
    49 | D        | Reached skill level 5 in Fighting
    49 | D        | Reached skill level 5 in Unarmed Combat
    49 | D        | Gained mutation: Your natural rate of healing is unusually
                  | fast. [Vine Stalker growth]
    49 | D        | Reached XP level 4. HP: 20/27 MP: 5/5
    55 | D        | Reached XP level 5. HP: 17/30 MP: 4/6
   102 | D        | Found a roughly hewn altar of Beogh.
   102 | D        | Found a snail-covered altar of Cheibriados.
   102 | D        | Found a shadowy altar of Dithmenos.
   102 | D        | Found a white marble altar of Elyvilon.
   102 | D        | Found a blossoming altar of Fedhas.
   102 | D        | Found an opulent altar of Gozag.
   103 | D        | Found a hazy altar of Hepliaklqana.
   104 | D        | Found a viscous altar of Jiyva.
   105 | D        | Found an ancient bone altar of Kikubaaqudgha.
   106 | D        | Found a corrupted altar of Lugonu.
   107 | D        | Found a burning altar of Makhleb.
   108 | D        | Found a sparkling altar of Nemelex Xobeh.
   109 | D        | Found an iron altar of Okawaru.
   110 | D        | Found a stormy altar of Qazlal.
   111 | D        | Found a sacrificial altar of Ru.
   112 | D        | Found a shimmering blue altar of Sif Muna.
   113 | D        | Found a bloodstained altar of Trog.
   114 | D        | Found a hide-covered altar of Uskayaw.
   115 | D        | Found a radiant altar of Vehumet.
   116 | D        | Found an ornate altar of the Wu Jian Council.
   117 | D        | Found a shimmering altar of Xom.
   118 | D        | Found a basalt altar of Yredelemnul.
   119 | D        | Found a glowing silver altar of Zin.
   120 | D        | Found a glowing golden altar of the Shining One.
   175 | D        | Noticed an ogre
   175 | D        | Noticed a wyvern
   181 | D        | Killed a wyvern
   181 | D        | Reached **** piety under Trog
   182 | D        | Reached skill level 5 in Armour
   182 | D        | Reached skill level 5 in Dodging
   182 | D        | Reached skill level 7 in Unarmed Combat
   182 | D        | Reached XP level 6. HP: 37/37 MP: 7/7
   189 | D        | Reached ***** piety under Trog
   190 | D        | Reached XP level 7. HP: 42/42 MP: 8/8
   192 | D        | Reached skill level 8 in Unarmed Combat
   230 | D        | Noticed a shadow
   230 | D        | Noticed a shadow
   230 | D        | Noticed a skeletal warrior
   246 | D        | Killed a skeletal warrior
   247 | D        | Reached skill level 9 in Unarmed Combat
   247 | D        | Gained mutation: You have razor-sharp teeth. [Vine Stalker
                  | growth]
   247 | D        | Reached XP level 8. HP: 48/48 MP: 7/9
   257 | D        | Killed a shadow
   257 | D        | Received a gift from Trog
   260 | D        | Killed a shadow
   261 | D        | Reached skill level 10 in Unarmed Combat
   401 | D        | Noticed a cane toad
   401 | D        | Noticed a four-headed hydra
   401 | D        | Noticed a five-headed hydra
   401 | D        | Noticed a yak
   402 | D        | Noticed a six-headed hydra
   404 | D        | Killed a yak
   408 | D        | Noticed a cane toad
   409 | D        | Killed a five-headed hydra
   410 | D        | Reached skill level 10 in Fighting
   410 | D        | Reached XP level 9. HP: 38/54 MP: 7/10
   416 | D        | Killed a four-headed hydra
   417 | D        | Reached skill level 11 in Unarmed Combat
   422 | D        | Killed a six-headed hydra
   423 | D        | Reached skill level 10 in Armour
   423 | D        | Reached skill level 10 in Dodging
   423 | D        | Reached XP level 10. HP: 25/60 MP: 7/11
   424 | D        | Killed a cane toad
   425 | D        | Reached skill level 12 in Unarmed Combat
   429 | D        | Killed a cane toad
   429 | D        | Received a gift from Trog
   480 | D        | Noticed a four-headed hydra
   480 | D        | Noticed a torpor snail
   480 | D        | Noticed a cane toad
   486 | D        | Killed a cane toad
   495 | D        | Killed a torpor snail
   498 | D        | Killed a four-headed hydra
   499 | D        | Reached ****** piety under Trog
   500 | D        | Reached skill level 13 in Unarmed Combat
   514 | D        | Received a gift from Trog
   553 | D        | Reached XP level 11. HP: 66/66 MP: 12/12
   578 | D        | Received a gift from Trog
   671 | D        | Noticed Josephine
   672 | D        | Noticed Eustachio
   687 | D        | Killed Josephine
   711 | D        | Killed Eustachio
   795 | D        | Received a gift from Trog
   813 | D        | Received a gift from Trog
   843 | D        | Noticed an orc knight
   852 | D        | Killed an orc knight
   853 | D        | Reached skill level 14 in Unarmed Combat
   864 | D        | Mangled by an orc warrior

Illustrated notes

Levels and vault maps discovered:
D:        linesprint [early_d, line_temple, items_1, d_10, items_2, lair_1,
          lair_end, items_3, orc_1, orc_end, items_4, d_15, swamp_1, shoals_1,
          snake_1, spider_1, d_20, vaults_1, items_5, swamp_end, shoals_end,
          snake_end, spider_end, vaults_end, d_27, items_6, zot_1, zot_end,
          crypt_end, forest_end, elf_end, slime_end, tomb_end, abyss_end,
          pan_hell_end]

Skill      XL: |  1  2  3  4  5  6  7  8  9 10 11 |
---------------+----------------------------------+-----
Fighting       | 3 5 6 7 8 10 11 12 13 | 13.1
Armour         | 2 4 5 6 7 9 10 11 12 | 12.0
Dodging        | 2 4 5 6 7 9 10 11 12 | 12.0
Unarmed Combat | 4 5 7 9 10 11 13 14 | 14.1

Action                   |  1- 3 |  4- 6 |  7- 9 | 10-12 || total
-------------------------+-------+-------+-------+-------++-------
Melee: Unarmed           |    14 |    21 |    46 |   152 ||   233
       Bite              |     5 |     7 |    21 |    64 ||    97
       Punch             |       |       |     4 |    16 ||    20
Invok: Berserk           |     2 |     1 |     2 |     4 ||     9
       Trog's Hand       |       |     1 |     2 |     5 ||     8
Armor: Animal skin       |     4 |       |       |       ||     4
       Chain mail        |       |     1 |    18 |    53 ||    72
Dodge: Dodged            |    11 |    10 |    20 |    79 ||   120
